AoeStats
← GRIFOLYON

Arena

509769769Analyzed
3v3 RM · 5d ago on Sep 28, 2026· 42m 12s· 6 players
Game mode
Random Map
Map size
Normal (6 player)
Population
200
Speed
Normal
Resources
Standard
Victory
Conquest
Starting age
Dark Age
Ending age
Imperial Age
RankedLock teamsTeams togetherTeam positionsShared explorationLock speedFull tech treeHidden civsTurbo modeCheats
Victory
Defeat
🇮🇹 Turks · Italy
866
+14
🇨🇱 Ethiopians · Chile
796
+17
🇨🇱 Spanish · Chile
789
+18
🇺🇸 Bohemians · United States
868
-18
🇲🇽 Hindustanis · Mexico
848
-17
🇲🇽 Spanish · Mexico
762
-14
GabrielLeal16
12:09 Feudal Age
18:02 Castle Age
22:25 Horse Collar
24:53 Wheelbarrow
26:18 Heavy Plow
27:59 Wagenburg Tactics
28:08 Double-Bit Axe
30:23 Hand Cart
34:15 Chemistry
38:24 Imperial Age
37:18 Town Watch
38:06 Bow Saw
38:31 Ballistics
GRIFOLYON
12:00 Feudal Age
12:33 Double-Bit Axe
15:08 Horse Collar
15:46 Gold Mining
17:48 Stone Mining
20:57 Wheelbarrow
23:45 Castle Age
24:41 Bow Saw
25:00 Heavy Plow
25:00 Elite Skirmisher
38:19 Stone Shaft Mining
40:21 Imperial Age
42:15 Two-Man Saw
42:18 Scale Barding Armor
42:14 Scale Mail Armor
42:27 Forging
gabmtzf23
7:55 Loom
11:21 Feudal Age
15:38 Castle Age
14:10 Double-Bit Axe
17:16 Wheelbarrow
16:29 Town Watch
24:58 Town Patrol
25:06 Stone Mining
25:08 Gold Mining
26:23 Husbandry
26:34 Bloodlines
26:20 Horse Collar
27:39 Forging
27:34 Scale Barding Armor
26:56 Crossbowman
28:44 Heavy Plow
28:56 Bow Saw
30:58 Iron Casting
30:24 Scale Mail Armor
30:48 Chain Barding Armor
32:54 Hand Cart
37:54 Imperial Age
36:33 Gold Shaft Mining
39:07 Thumb Ring
41:36 Blast Furnace
41:12 Plate Barding Armor
LeadSlug
9:40 Feudal Age
11:49 Loom
14:35 Castle Age
25:44 Horse Collar
30:35 Heavy Plow
31:57 Wheelbarrow
31:27 Gold Mining
32:41 Bloodlines
32:31 Husbandry
34:04 Husbandry
38:12 Imperial Age
36:32 Hand Cart
36:05 Town Watch
36:54 Forging
36:46 Padded Archer Armor
37:43 Fortified Wall
37:43 Caravan
39:12 Iron Casting
38:42 Scale Barding Armor
38:54 Leather Archer Armor
39:40 Gold Shaft Mining
39:33 Artillery
40:03 Elite Janissary
41:38 Conscription
Jaimeka 3K
0:36 Loom
12:00 Feudal Age
12:29 Double-Bit Axe
15:52 Wheelbarrow
15:33 Horse Collar
21:09 Castle Age
20:43 Forging
20:34 Scale Mail Armor
20:25 Fletching
20:32 Gold Mining
20:37 Stone Mining
21:24 Fletching
21:35 Padded Archer Armor
21:36 Scale Mail Armor
22:05 Crossbowman
25:10 Ballistics
24:49 Bodkin Arrow
25:11 Leather Archer Armor
26:37 Hand Cart
28:38 Gold Shaft Mining
28:21 Bow Saw
31:27 Imperial Age
31:03 Iron Casting
30:45 Chain Mail Armor
30:57 Arson
33:22 Plate Mail Armor
34:52 Conscription
35:33 Squires
36:35 Chemistry
35:40 Bracer
38:54 Arbalester
TheSeb
0:27 Loom
12:09 Feudal Age
13:48 Wheelbarrow
13:01 Double-Bit Axe
21:38 Castle Age
20:46 Scale Barding Armor
20:27 Horse Collar
21:31 Forging
22:53 Bow Saw
22:45 Heavy Plow
24:58 Gold Mining
25:02 Stone Mining
25:57 Iron Casting
25:43 Chain Barding Armor
28:32 Hand Cart
34:41 Imperial Age
34:02 Fortified Wall
34:11 Town Watch
35:05 Stone Shaft Mining
36:37 Chemistry
35:31 Cavalier
38:41 Blast Furnace
38:17 Plate Barding Armor
41:49 Paladin
Connection lost

Rejoining the realm…

Still unreachable

The connection could not be restored.

Session expired

The server has moved on; the page needs a fresh start.